 Dungeon Crawl Stone Soup version 0.30-a0-297-g0ec75d9ef4 (webtiles) character file.

Game seed: 8512124577212679633

535068 Angani the Crack Shot (level 24, 0/224 HPs)
             Began as a Yellow Draconian Hunter on Oct 18, 2022.
             Was the Champion of Cheibriados.
             Slain by a tengu reaver
             ... wielding a +3 vorpal great sword
              (5 damage)
             ... while paralysed by a floating eye
             ... on level 2 of the Depths.
             The game lasted 02:17:03 (48086 turns).

Angani the Crack Shot (Yellow Draconian Hunter)    Turns: 48086, Time: 02:17:03

Health: 0/224      AC: 20    Str: 37    XL:     24   Next: 55%
Magic:  31/31      EV:  2    Int: 23    God:    Cheibriados [******]
Gold:   6898       SH:  0    Dex: 41    Spells: 21/23 levels left

rFire   + + +      SeeInvis +    b - +9 longbow (freeze)
rCold   + . .      Faith    +    (shield currently unavailable)
rNeg    + + +      Spirit   .    (body armour unavailable)
rPois   .          Reflect  .    B - +2 hat "Keff" {rCorr}
rElec   .          Harm     .    g - +0 cloak "Faeput" {rF+}
rCorr   +          Rampage  .    K - +1 pair of gloves of Indecent Exposure {Str+4 Dex+3 Slay+6}
Will    ++...                    F - +2 pair of boots of Ewittol {rF+ rC+ rCorr Dex-2}
Stlth   +++.......               I - amulet of the Stag {Faith +Blink rN+ Int+3 Dex+3}
HPRegen 0.57/turn                Z - ring of the Genius {rN+++ Will+ EV+4 Slay+3}
MPRegen 0.22/turn                T - ring "Peithrateq" {rF+ Int-5 Slay+6 SInv}

@: paralysed, short of breath, very slow
A: spit acid, AC +12, unfitting armour, acidic bite, cold-blooded, acid
resistance
}: 3/15 runes: decaying, serpentine, abyssal
a: Breathe Acid, Renounce Religion, Evoke Blink, Bend Time, Temporal Distortion,
Slouch, Step From Time


You were on level 2 of the Depths.
You worshipped Cheibriados.
Cheibriados was exalted by your worship.
You visited 9 branches of the dungeon, and saw 42 of its levels.
You visited the Abyss 1 time.
You also visited: Trove, Gauntlet and Wizlab.

You collected 7510 gold pieces.
You spent 612 gold pieces at shops.

Inventory:

Hand Weapons
 b - a +9 longbow of freezing (weapon)
Missiles
 H - 3 throwing nets
Armour
 g - the +0 cloak "Faeput" (worn) {rF+}
   (You found it in a treasure trove)

   rF:        It protects you from fire.
 B - the +2 hat "Keff" (worn) {rCorr}
   (You found it in a treasure trove)

   rCorr:     It protects you from acid and corrosion.
 F - the +2 pair of boots of Ewittol (worn) {rF+ rC+ rCorr Dex-2}
   (You acquired it on level 15 of the Dungeon)

   Dex:       It affects your dexterity (-2).
   rF:        It protects you from fire.
   rC:        It protects you from cold.
   rCorr:     It protects you from acid and corrosion.
 K - the +1 pair of gloves of Indecent Exposure (worn) {Str+4 Dex+3 Slay+6}
   (You found it on level 3 of the Swamp)

   Str:       It affects your strength (+4).
   Dex:       It affects your dexterity (+3).
   Slay:      It affects your accuracy & damage with ranged weapons and melee
   (+6).
Jewellery
 p - a ring of flight
 I - the amulet of the Stag (around neck) {Faith +Blink rN+ Int+3 Dex+3}
   (You found it on level 13 of the Dungeon)

   [amulet of faith]

   It allows you to gain divine favour quickly.
   Int:       It affects your intelligence (+3).
   Dex:       It affects your dexterity (+3).
   rN:        It protects you from negative energy.
   +Blink:    It lets you blink.
 O - a ring of poison resistance
 Q - the ring of Xom's Ringing Laughter {rElec Will+ rCorr EV+4}
   (You found it in a Gauntlet)

   [ring of evasion]

   EV:        It affects your evasion (+4).
   rElec:     It insulates you from electricity.
   rCorr:     It protects you from acid and corrosion.
   Will:      It increases your willpower.
 S - a +6 ring of dexterity
 T - the ring "Peithrateq" (right hand) {rF+ Int-5 Slay+6 SInv}
   (You found it in a Gauntlet)

   [ring of see invisible]

   Int:       It affects your intelligence (-5).
   Slay:      It affects your accuracy & damage with ranged weapons and melee
   (+6).
   rF:        It protects you from fire.
   SInv:      It lets you see invisible.
 U - a ring of ice
 W - the ring "Coaromm" {rC++ rN+ Will+}
   (You took it off a guardian mummy on level 3 of the Crypt)

   [ring of positive energy]

   rC:        It greatly protects you from cold.
   rN:        It protects you from negative energy.
   Will:      It increases your willpower.
 Z - the ring of the Genius (left hand) {rN+++ Will+ EV+4 Slay+3}
   (You took it off a deep elf annihilator on level 3 of the Elven Halls)

   [ring of evasion]

   EV:        It affects your evasion (+4).
   Slay:      It affects your accuracy & damage with ranged weapons and melee
   (+3).
   rN:        It renders you almost immune to negative energy.
   Will:      It increases your willpower.
Wands
 o - a wand of digging (18)
 s - a wand of mindburst (44)
 D - a wand of roots (14)
 M - a wand of light (38)
Scrolls
 a - 2 scrolls of summoning
 d - 6 scrolls of poison
 f - 4 scrolls of fear
 i - 2 scrolls of silence
 k - 11 scrolls of teleportation
 l - 12 scrolls of amnesia
 m - 2 scrolls of magic mapping
 v - 7 scrolls of blinking
 y - 7 scrolls of vulnerability
 E - 3 scrolls of brand weapon
 J - 5 scrolls of torment
 L - 4 scrolls of butterflies
 P - 8 scrolls of enchant armour
 V - 7 scrolls of immolation
Potions
 e - 3 potions of ambrosia
 h - 13 potions of lignification
 j - 10 potions of magic
 n - 22 potions of curing
 r - 11 potions of mutation
 t - a potion of cancellation
 u - 2 potions of invisibility
 z - 5 potions of attraction
 A - 11 potions of brilliance
 C - 8 potions of might
 N - 6 potions of flight
 Y - 5 potions of resistance
Miscellaneous
 c - a lightning rod (4/4)
 q - a tin of tremorstones (2/2)
 w - a condenser vane
 x - a phantom mirror
 R - a box of beasts


   Skills:
 - Level 20.0 Fighting
 + Level 26.2 Ranged Weapons
 - Level 26.0 Dodging
 - Level 0.8 Stealth
 - Level 11.2 Invocations
 - Level 10.0 Evocations


You had 21 spell levels left.
You knew the following spells:

 Your Spells              Type           Power      Damage    Failure   Level
a - Wereblood             Tmut           0%         N/A       24%         2

Your spell library contained the following spells:

 Spells                   Type           Power      Damage    Failure   Level
 Foxfire                  Conj/Fire      0%         2x1d4     16%         1
 Magic Dart               Conj           0%         1d3       16%         1
 Shock                    Conj/Air       0%         1d3       16%         1
 Sting                    Tmut/Pois      0%         1d3       16%         1
 Summon Small Mammal      Summ           0%         N/A       16%         1
 Call Imp                 Summ           0%         N/A       24%         2
 Cigotuvi's Dreadful Rot  Necr/Pois/Air  0%         N/A       24%         2
 Poisonous Vapours        Pois/Air       0%         N/A       24%         2
 Scorch                   Fire           0%         2d5       24%         2
 Searing Ray              Conj           0%         2d4       24%         2
 Sublimation of Blood     Necr           0%         N/A       24%         2
 Call Canine Familiar     Summ           0%         N/A       43%         3
 Dazzling Flash           Conj/Hex       0%         N/A       43%         3
 Frozen Ramparts          Ice            0%         1d1       43%         3
 Hailstorm                Conj/Ice       0%         3d3       43%         3
 Ignite Poison            Fire/Tmut/Pois 0%         N/A       43%         3
 Inner Flame              Hex/Fire       0%         N/A       43%         3
 Kindle Blastsparks       Fire/Tloc/Air  0%         2d10      43%         3
 Mephitic Cloud           Conj/Pois/Air  0%         N/A       43%         3
 Ozocubu's Armour         Ice            0%         N/A       43%         3
 Portal Projectile        Hex/Tloc       0%         N/A       43%         3
 Spider Form              Tmut/Pois      0%         N/A       43%         3
 Stone Arrow              Conj/Erth      0%         3d7       43%         3
 Summon Guardian Golem    Hex/Summ       0%         N/A       43%         3
 Swiftness                Air            0%         N/A       43%         3
 Tukima's Dance           Hex            0%         N/A       43%         3
 Airstrike                Air            0%         2d(0-16)  83%         4
 Animate Dead             Necr           0%         N/A       83%         4
 Cause Fear               Hex            0%         N/A       83%         4
 Dispel Undead            Necr           0%         3d6       83%         4
 Flame Wave               Conj/Fire      0%         2d4       83%         4
 Fulminant Prism          Conj/Hex       0%         3d6       83%         4
 Ice Form                 Ice/Tmut       0%         N/A       83%         4
 Iskenderun's Mystic Bla  Conj/Tloc      0%         2d3       83%         4
 Leda's Liquefaction      Hex/Erth       0%         N/A       83%         4
 Olgreb's Toxic Radiance  Pois           0%         N/A       83%         4
 Passage of Golubria      Tloc           0%         N/A       83%         4
 Petrify                  Tmut/Erth      0%         N/A       83%         4
 Sticky Flame             Conj/Fire      0%         2d3       83%         4
 Summon Ice Beast         Ice/Summ       0%         N/A       83%         4
 Summon Lightning Spire   Summ/Air       0%         N/A       83%         4
 Alistair's Intoxication  Tmut/Pois      0%         N/A       99%         5
 Blade Hands              Tmut           0%         N/A       99%         5
 Fireball                 Conj/Fire      0%         3d3       99%         5
 Freezing Cloud           Conj/Ice/Air   0%         6-21      99%         5
 Irradiate                Conj/Tmut      0%         3d11      99%         5
 Iskenderun's Battlesphe  Conj           0%         2d6       99%         5
 Lee's Rapid Deconstruct  Erth           0%         3d4*      99%         5
 Metabolic Englaciation   Hex/Ice        0%         N/A       99%         5
 Summon Forest            Summ/Tloc      0%         N/A       99%         5
 Yara's Violent Unravell  Hex/Tmut       0%         3d3       99%         5
 Conjure Ball Lightning   Conj/Air       0%         3x3d6     100%        6
 Death Channel            Necr           0%         N/A       100%        6
 Eringya's Noxious Bog    Tmut/Pois      0%         N/A       100%        6
 Simulacrum               Ice/Necr       0%         N/A       100%        6
 Starburst                Conj/Fire      0%         6d3       100%        6
 Statue Form              Tmut/Erth      0%         N/A       100%        6
 Summon Cactus Giant      Summ           0%         N/A       100%        6
 Orb of Destruction       Conj           0%         9d5       100%        7
 Ozocubu's Refrigeration  Ice            0%         4d7       100%        7
 Summon Hydra             Summ           0%         N/A       100%        7
 Borgnjor's Revivificati  Necr           0%         N/A       100%        8
 Discord                  Hex            0%         N/A       100%        8
 Ignition                 Fire           0%         3d3       100%        8
 Lehudib's Crystal Spear  Conj/Erth      0%         10d2      100%        8
 Chain Lightning          Conj/Air       0%         N/A       100%        9
 Polar Vortex             Ice            0%         N/A       100%        9
 Animate Armour           Summ/Erth      Unusable   N/A       N/A         4

Dungeon Overview and Level Annotations

Branches:
Dungeon (15/15)            Temple (0/1) D:7            Lair (5/5) D:10
  Swamp (4/4) Lair:3        Snake (4/4) Lair:2        Slime (0/5) Lair:5
    Orc (2/2) D:11            Elf (3/3) Orc:2        Vaults (4/5) D:14
  Crypt (3/3) Vaults:3       Tomb (0/3) Crypt:3      Depths (2/4) D:15
 WizLab (visited)         Gauntlet (visited)

Altars:
Ashenzari
Cheibriados
Dithmenos
Elyvilon
Fedhas
Gozag
Kikubaaqudgha
Nemelex Xobeh
Qazlal
Vehumet
Wu Jian
Xom
Yredelemnul
Jiyva

Shops:
D:11 *   Orc:2 ?(=[**   Elf:2 (   Vaults:4 (   Depths:1 =::   Depths:2 =

Portals:
Hell: Depths:1 Depths:2
Abyss: Depths:2
Pandemonium: Depths:1 Depths:2
Ziggurat: Depths:1

Annotations:
D:8 exclusion: door
D:10 3 runed translucent doors, exclusion: 3 doors, philipeq's ghost, journeyman DsFi
Lair:2 3 runed translucent doors, Lasawaed's ghost, journeyman GrFE; borntocrawl's ghost, journeyman OgBe
Elf:1 6 runed translucent doors


Innate Abilities, Weirdness & Mutations

You can spit globs of acid.
Your golden yellow scales are hard. (AC +12)
You cannot fit into any form of body armour.
You have acidic saliva.
You are cold-blooded and may be slowed by cold attacks.
You are resistant to acid. (rCorr)


Message History

You shoot an arrow. The arrow hits the caustic shrike!!!
The arrow freezes the caustic shrike.
You kill the caustic shrike!
Cheibriados thoroughly appreciates the change of pace.
The floating eye's view fixates on you.
You shoot an arrow. The arrow hits the fire giant!
The arrow freezes the fire giant.
The fire giant is severely wounded.
Unknown command.
You shoot an arrow. The arrow hits the fire giant!!
The arrow freezes the fire giant!
You kill the fire giant!
Cheibriados thoroughly appreciates the change of pace.
A phantasmal warrior comes into view.
The vampire knight gestures wildly while chanting.
The vampire knight seems to speed up.
The floating eye gazes piercingly through you!
You suddenly lose the ability to move!
The tengu reaver casts a spell at you. The bolt of fire hits you. You resist.
The floating eye seems to glare at you.
The vampire knight hits you with a +3 vorpal battleaxe!
The vampire knight bites you.
The vampire knight hits you with a +3 vorpal battleaxe!!
The vampire knight bites you.
The tengu reaver hits you with a +3 vorpal great sword!!
The tengu reaver pecks you but does no damage.
The tengu reaver claws you.
The vampire knight casts a spell.
The vampire knight seems to speed up.
The tengu reaver hits you with a +3 vorpal great sword!!
The tengu reaver pecks you.
The tengu reaver claws you but does no damage.
The vampire knight hits you with a +3 vorpal battleaxe!!
* * * LOW HITPOINT WARNING * * *
x2 The vampire knight bites you!
* * * LOW HITPOINT WARNING * * *
The tengu reaver hits you with a +3 vorpal great sword!!
* * * LOW HITPOINT WARNING * * *
You die...

#.# #.#
+.# #.#
#.# #.#
'.# #.#
#.# #.#
### #.#
.'# #.#
###
.#.#####.#
.#
..VCGCQ@.#
.##
.#######V#
.'# #W#
.## #.. .#
#### ##


You could see a titan, a frost giant, a tengu reaver, 2 vampire knights, a
phantasmal warrior and a floating eye (charged).

Vanquished Creatures
  An ancient lich (Crypt:3)
  Khufu (Crypt:1)
  Mennas (Vaults:4)
  2 juggernauts
  A royal mummy (Crypt:1)
  Frederick (Crypt:1)
  Margery (Crypt:1)
  Bai Suzhen (Swamp:3)
  A caustic shrike (Depths:2)
  Saint Roka (Snake:3)
  Xtahua (Crypt:2)
  Nikola (Swamp:1)
  A bone dragon (Crypt:3)
  A tentacled monstrosity (Depths:2)
  Zenata (Elf:1)
  4 liches
  Jorgrun (Swamp:2)
  Mlioglotl (Snake:1)
  2 deep elf master archers (Elf:3)
  11 ancient champions
  4 deep elf blademasters
  2 sphinxes (Vaults:3)
  3 tengu reavers
  Kirke (Elf:1)
  Roxanne (Swamp:1)
  A thorn hunter (Swamp:3)
  11 nagarajas
  Donald (Snake:1)
  5 revenants
  The ghost of Gydif the Fencer, an adept DsGl of Makhleb (Swamp:3)
  An iron dragon (Depths:1)
  3 frost giants (Depths:2)
  10 deep elf sorcerers (Elf:3)
  4 fire giants
  A caustic shrike zombie (Crypt:2)
  16 vault wardens
  Aizul (Swamp:1)
  8 deep elf elementalists
  2 ghouls (Crypt:1)
  21 very ugly things
  24 ironbound preservers
  10 ironbound thunderhulks
  A juggernaut skeleton (Crypt:3)
  3 orc warlords
  A war gargoyle (Vaults:1)
  An angel (Abyss:3)
  8 stone giants
  4 vampire knights
  2 ophanim (Abyss:3)
  2 eleionomae
  8 deep elf demonologists
  2 bunyips
  8 dire elephants
  9 purple draconians (WizLab)
  7 deep elf annihilators (Elf:3)
  9 deep elf death magi
  3 ettins (Depths:1)
  A minotaur (Gauntlet)
  An eidolon (Crypt:3)
  16 jiangshi
  A shambling mangrove (Swamp:4)
  A green death (Depths:1)
  9 statues (WizLab)
  2 mummy priests (Crypt:3)
  8 deep elf high priests
  2 crystal guardians
  2 entropy weavers
  12 yaktaur captains
  A fire dragon (D:14)
  A spriggan zombie (Crypt:3)
  18 hydras
  10 great orbs of eyes
  5 salamander tyrants
  13 vault guards
  A death knight (Crypt:1)
  2 peacekeepers
  9 centaur warriors
  2 ice dragons
  2 ghost crabs
  19 anacondas
  A merfolk avatar (Lair:5)
  Erica (Lair:1)
  5 two-headed ogres
  30 dancing weapons
  9 ironbound frosthearts
  A two-headed ogre (shapeshifter) (Elf:1)
  2 deep troll shamans (Depths:1)
  7 alligators
  A titan zombie (Crypt:1)
  11 boulder beetles
  4 tengu warriors
  9 death yaks
  9 naga warriors
  3 deep troll earth magi
  3 orc high priests (Orc:2)
  12 naga sharpshooters
  2 thrashing horrors (Gauntlet)
  20 deep elf knights
  8 vampire magi
  6 shock serpents
  A wretched star (Abyss:3)
  3 shadow wraiths
  A titan skeleton (Crypt:3)
  Amaemon (Lair:1)
  2 hell knights (Crypt:1)
  A fire crab (D:13)
  26 skeletal warriors
  A death drake (shapeshifter) (D:15)
  5 iron trolls
  A sixfirhy (Abyss:3)
  12 salamander mystics
  80 deep trolls
  9 naga ritualists
  4 sea snakes
  5 goliath frogs
  A swamp dragon (shapeshifter) (Vaults:2)
  A flayed ghost (Crypt:2)
  A death drake (Elf:2)
  5 spriggan druids
  2 cherubim (Abyss:3)
  7 bog bodies
  11 deep elf archers
  17 ironbound convokers
  4 wizards
  A glowing orange brain (Abyss:3)
  Pikel (D:5)
  9 swamp dragons
  20 lindwurms
  8 orc knights
  An orange crystal statue (Vaults:3)
  11 phantasmal warriors
  6 necromancers
  33 deep elf pyromancers
  2 tengu skeletons
  5 large abominations
  22 deep elf zephyrmancers
  26 mana vipers
  A goliath frog zombie (Crypt:1)
  44 ugly things
  2 wolf spiders (D:13)
  6 orc sorcerers
  5 cyclopes
  A shining eye (Depths:1)
  A stone giant zombie (Crypt:3)
  5 manticores
  A sphinx skeleton (Vaults:4)
  21 salamanders
  9 elephants
  35 black mambas
  2 will-o-the-wisps
  6 stone giant skeletons
  17 cane toads
  16 naga magi
  A dire elephant zombie (Crypt:2)
  2 eyes of devastation
  12 guardian serpents
  3 smoke demons (Abyss:3)
  3 torpor snails
  Maurice (Orc:2)
  An unseen horror (shapeshifter) (D:15)
  3 gargoyles
  An orange demon (Lair:1)
  21 vault sentinels
  An unseen horror (D:10)
  2 steelbarb worm zombies
  A rime drake (shapeshifter) (Elf:3)
  A rime drake (Lair:5)
  8 komodo dragons
  3 human zombies (Vaults:4)
  3 kobold demonologists
  29 yaktaurs
  A bunyip simulacrum (Crypt:2)
  An alligator snapping turtle zombie (Crypt:3)
  2 freezing wraiths
  A green draconian skeleton (Crypt:1)
  An iron troll zombie (Crypt:3)
  17 tengu conjurers
  A mana viper zombie (Crypt:1)
  2 yaktaur skeletons (Vaults:3)
  3 meliai (D:15)
  2 ancient zymes (Abyss:3)
  11 guardian mummies (Crypt:3)
  4 red devils (Depths:1)
  8 tyrant leeches
  2 bloated husks (Swamp:2)
  A fire dragon zombie (Crypt:3)
  7 trolls
  5 polar bears
  Prince Ribbit (D:9)
  22 blink frogs
  11 hornets
  2 tarantellas (Elf:2)
  A guardian serpent zombie (Crypt:1)
  4 dream sheep (Lair:5)
  A blink frog (shapeshifter) (Elf:3)
  3 raiju (Abyss:3)
  A tarantella zombie (Crypt:3)
  16 slime creatures
  3 snapping turtles (Lair:5)
  Sigmund (D:4)
  A centaur simulacrum (Crypt:3)
  A culicivora (Vaults:1)
  2 shadows
  A water elemental (Elf:3)
  4 air elementals
  6 wyverns
  An ettin skeleton (Vaults:3)
  43 yaks
  8 spriggans
  An ushabti (Crypt:3)
  10 wraiths
  6 basilisks
  Grum (D:11)
  2 fire elementals
  7 hogs (Elf:1)
  2 alligator snapping turtle simulacra
  An elf zombie (Vaults:4)
  3 golden eyes (Abyss:3)
  6 steam dragons
  8 redbacks
  12 vampire mosquitoes
  53 nagas
  15 swamp worms
  Menkaure (D:4)
  An elf skeleton (Vaults:3)
  A fire bat zombie (Crypt:2)
  A naga zombie (Crypt:2)
  5 wargs
  2 acid dragons (D:13)
  17 water moccasins
  2 glowing shapeshifter skeletons (Vaults:3)
  A human skeleton (Vaults:3)
  2 floating eyes
  6 swamp drakes (Swamp:4)
  42 orc warriors
  2 sky beasts
  3 ogres
  21 wolves
  13 centaurs
  A phantom (D:5)
  2 kobold brigands (D:13)
  2 lemures (D:5)
  6 bullfrogs
  2 gnoll sergeants
  3 scorpions
  A water moccasin zombie (Crypt:2)
  An earth elemental (Elf:2)
  8 necrophages
  A wyvern skeleton (Crypt:2)
  A cyclops skeleton (Crypt:3)
  4 wights (D:10)
  9 small abominations
  14 killer bees
  A raiju zombie (Crypt:2)
  A bullfrog zombie (Crypt:2)
  A quasit (Abyss:3)
  2 jellies
  A bullfrog skeleton (Crypt:1)
  4 hounds
  23 orc priests
  4 iguanas
  A scorpion zombie (Crypt:3)
  25 orc wizards
  9 mummies
  12 gnolls
  5 adders
  A shadow imp (D:7)
  2 white imps
  An ufetubus (D:6)
  A lava snake zombie (Crypt:3)
  2 worms (D:2)
  3 dart slugs
  110 orcs
  8 endoplasms
  5 giant cockroaches
  A gnoll zombie (Crypt:2)
  7 goblins
  11 hobgoblins
  9 kobolds
  8 quokkas
  4 ball pythons
  A ball python zombie (Crypt:1)
  4 bats
  A frilled lizard (D:1)
  A frilled lizard zombie (Crypt:2)
  6 rats
1909 creatures vanquished.

Vanquished Creatures (others)
  A draconian knight (WizLab)
  A dire elephant (Vaults:4)
  A deep elf knight (Elf:1)
  A deep troll (Vaults:4)
  A deep elf pyromancer (Elf:1)
  A water elemental (Elf:1)
  An orc warrior (Snake:3)
  A howler monkey (D:8)
  27 bushes
  2 foxfires (Swamp:3)
  17 fungi
  125 plants
  5 withered plants (Lair:2)
184 creatures vanquished.

Grand Total: 2093 creatures vanquished

Notes
Turn   | Place    | Note
-------+----------+-------------------------------------------
     0 | D:1      | Angani the Draconian Hunter began the quest for the Orb.
     0 | D:1      | Reached XP level 1. HP: 17/17 MP: 1/1
     3 | D:1      | Noticed an electric eel
     4 | D:1      | Noticed an electric eel
   149 | D:1      | Reached XP level 2. HP: 25/25 MP: 2/2
   711 | D:2      | You fall into a shaft and drop 2 floors!
   711 | D:4      | Found a snail-covered altar of Cheibriados.
   713 | D:4      | Became a worshipper of Cheibriados the Contemplative
   745 | D:3      | Found a faded altar of an unknown god.
   770 | D:3      | Reached XP level 3. HP: 28/30 MP: 3/3
  1126 | D:2      | Reached * piety under Cheibriados
  1178 | D:2      | Reached XP level 4. HP: 35/38 MP: 4/4
  1606 | D:3      | Found a white marble altar of Elyvilon.
  2191 | D:4      | Reached ** piety under Cheibriados
  2192 | D:4      | Reached XP level 5. HP: 46/46 MP: 5/5
  2221 | D:4      | Noticed Menkaure
  2223 | D:4      | Killed Menkaure
  2235 | D:4      | Reached XP level 6. HP: 53/53 MP: 6/6
  2308 | D:4      | Reached skill level 5 in Ranged Weapons
  2409 | D:4      | Noticed Sigmund
  2426 | D:4      | Killed Sigmund
  2427 | D:4      | Reached skill level 5 in Fighting
  2427 | D:4      | Your scales start taking on a golden yellow colour.
  2427 | D:4      | Reached XP level 7. HP: 34/61 MP: 7/7
  2427 | D:4      | Gained mutation: You are resistant to acid. (rCorr) [Yellow
                  | Draconian growth]
  2925 | D:5      | Entered Level 5 of the Dungeon
  3119 | D:5      | Found a broken altar of Ashenzari.
  3287 | D:5      | Reached skill level 5 in Dodging
  3293 | D:5      | Noticed Pikel
  3320 | D:5      | Killed Pikel
  3321 | D:5      | Reached XP level 8. HP: 19/71 MP: 8/8
  3512 | D:5      | Reached *** piety under Cheibriados
  4361 | D:6      | Found a blossoming altar of Fedhas.
  4981 | D:7      | Reached XP level 9. HP: 77/81 MP: 9/9
  4981 | D:7      | Reached **** piety under Cheibriados
  5113 | D:7      | Found a staircase to the Ecumenical Temple.
  5435 | D:7      | Identified the +1 ring mail of Nyhop {Rampage rElec rPois
                  | SInv}
  5932 | D:8      | Noticed a two-headed ogre
  6798 | D:8      | Found a sparkling altar of Nemelex Xobeh.
  6798 | D:8      | Found a stormy altar of Qazlal.
  6798 | D:8      | Found a shimmering altar of Xom.
  6804 | D:8      | Found an ornate altar of the Wu Jian Council.
  6820 | D:8      | Reached ***** piety under Cheibriados
  6821 | D:8      | Reached XP level 10. HP: 90/91 MP: 10/10
  7093 | D:8      | Killed a two-headed ogre
  7193 | D:9      | Reached skill level 10 in Fighting
  7303 | D:9      | Noticed Prince Ribbit
  7328 | D:9      | Killed Prince Ribbit
  7536 | D:9      | Noticed a two-headed ogre
  7546 | D:9      | Killed a two-headed ogre
  7747 | D:10     | Entered Level 10 of the Dungeon
  7773 | D:10     | Found a staircase to the Lair.
  7843 | D:10     | Reached XP level 11. HP: 99/101 MP: 11/11
  8271 | D:10     | Found a runed translucent gate.
  8271 | D:10     | Found a runed translucent gate.
  8271 | D:10     | Found a runed translucent gate.
  8273 | D:10     | Noticed philipeq's ghost (journeyman DsFi)
  8414 | Lair:1   | Entered Level 1 of the Lair of Beasts
  8452 | Lair:1   | Reached skill level 10 in Ranged Weapons
  8494 | Lair:1   | Reached ****** piety under Cheibriados
  8597 | Lair:1   | Noticed Amaemon
  8606 | Lair:1   | Killed Amaemon
  8867 | Lair:1   | Noticed Erica
  8874 | Lair:1   | Killed Erica
  8875 | Lair:1   | Reached skill level 10 in Dodging
  9121 | Lair:1   | You fall into a shaft and drop 1 floor!
  9123 | Lair:2   | Noticed a seven-headed hydra
  9135 | Lair:2   | Killed a seven-headed hydra
  9927 | Lair:2   | Reached XP level 12. HP: 113/113 MP: 12/12
  9979 | Lair:2   | Found a runed translucent gate.
  9979 | Lair:2   | Found a runed translucent gate.
  9979 | Lair:2   | Found a runed translucent gate.
  9984 | Lair:2   | Noticed borntocrawl's ghost (journeyman OgBe)
  9984 | Lair:2   | Noticed Lasawaed's ghost (journeyman GrFE)
 10127 | Lair:2   | Found a staircase to the Snake Pit.
 10159 | Lair:2   | Noticed a death yak
 10159 | Lair:2   | Noticed a death yak
 10159 | Lair:2   | Noticed a death yak
 10369 | Lair:3   | Found a staircase to the Swamp.
 10437 | Lair:3   | Noticed a boulder beetle
 10447 | Lair:3   | Killed a boulder beetle
 11150 | Lair:4   | Noticed a four-headed hydra
 11159 | Lair:4   | Killed a four-headed hydra
 11944 | Lair:5   | Entered Level 5 of the Lair of Beasts
 11948 | Lair:5   | Noticed a seven-headed hydra
 12098 | Lair:4   | Reached XP level 13. HP: 79/124 MP: 10/13
 12475 | Lair:5   | Found a viscous altar of Jiyva.
 12477 | Lair:5   | Found a staircase to the Slime Pits.
 12563 | Lair:5   | Paralysed by a floating eye for 2 turns
 12906 | Lair:5   | Reached skill level 15 in Fighting
 13444 | Lair:5   | Identified the +6 rapier of Qazlal's Anger {spect, rElec
                  | rPois}
 14050 | D:11     | Noticed Grum
 14106 | D:11     | Gained mutation: You have acidic saliva. [Yellow Draconian
                  | growth]
 14106 | D:11     | Reached XP level 14. HP: 135/135 MP: 14/14
 14542 | D:11     | Killed Grum
 14635 | D:11     | Found Kommerr's General Store.
 14635 | D:11     | Found Wustis's Specific Store.
 14645 | D:11     | Bought a potion of heal wounds for 70 gold pieces
 14782 | D:11     | Found a staircase to the Orcish Mines.
 14928 | D:12     | Found a gate leading to a gauntlet.
 14933 | Gauntlet | Entered a Gauntlet
 14933 | Gauntlet | Found a transporter.
 14933 | Gauntlet | Found a transporter.
 14946 | Gauntlet | Found a transporter.
 14964 | Gauntlet | Found a transporter.
 14964 | Gauntlet | Found a transporter.
 14964 | Gauntlet | Found a transporter.
 14967 | Gauntlet | Found a transporter.
 14967 | Gauntlet | Found a transporter.
 14979 | Gauntlet | Found a transporter.
 14997 | Gauntlet | Found a transporter.
 15007 | Gauntlet | Found a transporter.
 15007 | Gauntlet | Noticed a quicksilver ooze
 15023 | Gauntlet | Found a transporter.
 15043 | Gauntlet | Found a transporter.
 15056 | Gauntlet | Found a transporter.
 15463 | Gauntlet | Identified the ring of Xom's Ringing Laughter {rElec Will+
                  | rCorr EV+4}
 15654 | Gauntlet | Identified the +2 chain mail "Yfac" {Contam Rampage rN++
                  | Will+}
 15688 | Gauntlet | Identified the ring "Peithrateq" {rF+ Int-5 Slay+6 SInv}
 15753 | Gauntlet | Reached skill level 15 in Dodging
 15760 | Gauntlet | Identified the ring "Dinyu" {rCorr Str+4}
 15769 | Gauntlet | Got Sif Muna's Reference Book on Assembled Conflagration
 16494 | Orc:1    | Entered Level 1 of the Orcish Mines
 16510 | Orc:1    | Noticed an orc warlord
 16527 | Orc:1    | Killed an orc warlord
 16690 | Orc:2    | Entered Level 2 of the Orcish Mines
 16690 | Orc:2    | Found Hiyrigh's Magic Scroll Boutique.
 16733 | Orc:2    | Bought a scroll of poison for 72 gold pieces
 16775 | Orc:2    | Reached skill level 15 in Ranged Weapons
 17233 | Orc:2    | Found a staircase to the Elven Halls.
 17626 | Orc:2    | Noticed Maurice
 17633 | Orc:2    | Killed Maurice
 17672 | Orc:2    | Noticed an orc warlord
 17679 | Orc:2    | Killed an orc warlord
 18000 | Orc:2    | Found Watzysewuud's Assorted Antiques.
 18025 | Orc:2    | Bought a scroll of teleportation for 84 gold pieces
 18033 | Orc:2    | Bought a pair of boots for 126 gold pieces
 18262 | Orc:2    | Found Buxkauduro's Antique Armour Emporium.
 18263 | Orc:2    | Found Duczalo's Antique Weapon Shoppe.
 18265 | Orc:2    | Found Oczuoq's General Store.
 18265 | Orc:2    | Found Etuipam's Jewellery Emporium.
 18351 | Orc:2    | Bought a longbow for 260 gold pieces
 18951 | D:13     | Reached XP level 15. HP: 131/141 MP: 13/15
 19474 | D:13     | Identified the amulet of the Stag {Faith +Blink rN+ Int+3
                  | Dex+3}
 19493 | D:13     | Identified the ring "Reunawet" {Wiz Str+6}
 19498 | D:13     | Identified the +3 sling of Theory {venom, rPois rF+ rC++
                  | Stlth+}
 20478 | D:14     | Found a gate to the Vaults.
 20723 | D:15     | Entered Level 15 of the Dungeon
 20873 | D:15     | Identified a scroll of acquirement
 20875 | D:15     | Acquired the +2 pair of boots of Ewittol {rF+ rC+ rCorr
                  | Dex-2}
 21033 | D:15     | Found an opulent altar of Gozag.
 21634 | D:15     | Found a staircase to the Depths.
 21937 | Lair:2   | Reached XP level 16. HP: 107/149 MP: 16/16
 22511 | Swamp:1  | Entered Level 1 of the Swamp
 22561 | Swamp:1  | Identified Roxanne's Lessons on the Figure
 22561 | Swamp:1  | Noticed Roxanne
 22587 | Swamp:1  | Killed Roxanne
 22590 | Swamp:1  | Noticed Aizul
 22619 | Swamp:1  | Killed Aizul
 22974 | Swamp:1  | Noticed Nikola
 22988 | Swamp:1  | Killed Nikola
 23167 | Swamp:1  | You are sucked into a shaft and drop 1 floor!
 24093 | Swamp:2  | Noticed Jorgrun
 24098 | Swamp:2  | Killed Jorgrun
 24405 | Swamp:3  | Identified the +1 pair of gloves of Indecent Exposure
                  | {Str+4 Dex+3 Slay+6}
 24456 | Swamp:3  | Noticed a thorn hunter
 24460 | Swamp:3  | Killed a thorn hunter
 24469 | Swamp:3  | Found a runed translucent gate.
 24469 | Swamp:3  | Noticed Gydif's ghost (adept DsGl)
 24471 | Swamp:3  | Found a runed translucent gate.
 24472 | Swamp:3  | Found a runed translucent gate.
 24493 | Swamp:3  | Reached skill level 5 in Invocations
 24493 | Swamp:3  | Reached XP level 17. HP: 156/156 MP: 16/21
 24555 | Swamp:3  | Found a stormy altar of Qazlal.
 24571 | Swamp:3  | Noticed Bai Suzhen
 24672 | Swamp:3  | Killed Bai Suzhen
 24743 | Swamp:3  | Identified the +5 rapier "Etyrih" {vorpal, rF+ Will+}
 24859 | Swamp:3  | Killed Gydif's ghost
 25009 | Snake:1  | Entered Level 1 of the Snake Pit
 25015 | Snake:1  | Identified the +3 ring mail "Rynov" {Harm Rampage rCorr
                  | Int+2}
 25361 | Snake:1  | Noticed Mlioglotl
 25372 | Snake:1  | Killed Mlioglotl
 25466 | Snake:1  | Noticed Donald
 25472 | Snake:1  | Killed Donald
 25879 | Snake:2  | Reached XP level 18. HP: 163/163 MP: 22/22
 26061 | Snake:2  | Identified the +9 long sword of Discomfort {vorpal, rF+
                  | rCorr Dex-2}
 26776 | Snake:3  | Found a transporter.
 26780 | Snake:3  | Found a radiant altar of Vehumet.
 27083 | Snake:3  | Noticed Saint Roka
 27099 | Snake:3  | Killed Saint Roka
 28290 | Snake:3  | Found a transporter.
 28522 | Swamp:4  | Entered Level 4 of the Swamp
 28875 | Swamp:4  | Got a decaying rune of Zot
 29269 | Snake:4  | Entered Level 4 of the Snake Pit
 29293 | Snake:4  | Reached XP level 19. HP: 170/170 MP: 23/23
 29842 | Snake:4  | Got a serpentine rune of Zot
 30251 | Snake:4  | Got the Atlas of Hoarfrost
 30928 | Elf:1    | Entered Level 1 of the Elven Halls
 30978 | Elf:1    | Noticed Zenata
 30996 | Elf:1    | Killed Zenata
 31001 | Elf:1    | Noticed Kirke
 31018 | Elf:1    | Killed Kirke
 31302 | Elf:1    | Reached skill level 10 in Invocations
 31474 | Elf:1    | Found a runed translucent gate.
 31474 | Elf:1    | Found a runed translucent gate.
 31474 | Elf:1    | Found a runed translucent gate.
 31474 | Elf:1    | Found a runed translucent gate.
 31474 | Elf:1    | Found a runed translucent gate.
 31476 | Elf:1    | Found a runed translucent gate.
 31951 | Elf:2    | Reached XP level 20. HP: 184/184 MP: 28/28
 31973 | Elf:2    | Found a runed translucent gate.
 31973 | Elf:2    | Found a runed translucent gate.
 31973 | Elf:2    | Found a runed translucent gate.
 32088 | Elf:2    | Got the Compendium of Blight
 32177 | Elf:2    | Reached skill level 1 in Evocations
 32382 | Elf:2    | Found Hetud's Weapon Emporium.
 32521 | Elf:3    | Entered Level 3 of the Elven Halls
 33244 | Elf:3    | Reached skill level 5 in Evocations
 33847 | Abyss:3  | Cast into level 3 of the Abyss (a deep elf sorcerer)
 33971 | Abyss:3  | Found a glowing golden altar of the Shining One.
 33993 | Abyss:3  | Noticed a juggernaut
 34007 | Abyss:3  | Killed a juggernaut
 34017 | Abyss:3  | Got an abyssal rune of Zot
 34126 | Elf:3    | Escaped the Abyss
 34232 | Elf:3    | Identified the ring of the Genius {rN+++ Will+ EV+4 Slay+3}
 34260 | Elf:3    | Identified the +4 rapier "Oviowal" {spect, rElec rC+ Int+6
                  | Stlth+}
 34299 | Elf:3    | Identified the amulet "Piagh" {-Tele Regen+ Str+5}
 34541 | Elf:3    | Identified the +6 chain mail "Xapp" {rC+}
 34543 | Elf:3    | Identified the +0 quarterstaff of the Witching Gods {drain,
                  | Will- Str-5 Int+9 SInv}
 34552 | Elf:3    | Reached XP level 21. HP: 200/200 MP: 29/29
 34709 | Elf:3    | Got Sif Muna's Cyclopedia of Fiery Putrescence
 34814 | Elf:3    | Identified the +3 shortbow of Laceration {freeze, rF- rC+++
                  | MP-9 Dex+3}
 34845 | Elf:3    | Learned a level 2 spell: Wereblood
 34970 | Elf:3    | Identified the +6 dagger of the Pits of Slime {spect,
                  | Fragile Will+ Int+3}
 35612 | Vaults:1 | Entered Level 1 of the Vaults
 35677 | Vaults:1 | Reached skill level 10 in Evocations
 36773 | Vaults:1 | You fall into a shaft and drop 1 floor!
 36837 | Vaults:2 | Identified the +6 falchion of Xom, Fortifying {drain,
                  | *Corrode +Blink rF- Str+9}
 37908 | Vaults:2 | Reached XP level 22. HP: 199/209 MP: 30/30
 39753 | Vaults:3 | Found a staircase to the Crypt.
 40286 | Vaults:4 | Found Juagouz's Weapon Boutique.
 40713 | Vaults:4 | Noticed Mennas
 41201 | Vaults:4 | Killed Mennas
 41202 | Vaults:4 | Reached XP level 23. HP: 160/215 MP: 31/31
 41596 | Crypt:1  | Entered Level 1 of the Crypt
 41631 | Crypt:1  | Noticed Khufu
 41638 | Crypt:1  | Noticed a royal mummy
 41652 | Crypt:1  | Killed Khufu
 41665 | Crypt:1  | Killed a royal mummy
 42084 | Crypt:1  | Noticed Frederick
 42088 | Crypt:1  | Killed Frederick
 42397 | Crypt:1  | Noticed Margery
 42408 | Crypt:1  | Killed Margery
 42653 | Crypt:2  | Noticed Xtahua
 42656 | Crypt:2  | Killed Xtahua
 43241 | Crypt:2  | Identified the amulet of Xieskel {rF- Regen+ Dex+5}
 43260 | Crypt:2  | Paralysed by a floating eye for 4 turns
 43265 | Crypt:2  | Paralysed by a floating eye for 4 turns
 43283 | Crypt:2  | Found an ancient bone altar of Kikubaaqudgha.
 43447 | Crypt:3  | Entered Level 3 of the Crypt
 43476 | Crypt:3  | Found a magical portal.
 43513 | WizLab   | Entered Iskenderun's Mystic Tower
 44044 | WizLab   | Got Iskenderun's Monograph on Attacks
 44044 | WizLab   | Got Iskenderun's Encyclopedia of Blows and Bruises
 44059 | WizLab   | Got Sif Muna's Guidebook on Windy Profane Rituals
 44389 | Crypt:3  | Got Easy Casting
 44713 | Crypt:3  | Found a staircase to the Tomb.
 44832 | Crypt:3  | Reached XP level 24. HP: 161/224 MP: 31/31
 45325 | Crypt:3  | Found an ancient bone altar of Kikubaaqudgha.
 45325 | Crypt:3  | Noticed an ancient lich
 45330 | Crypt:3  | Killed an ancient lich
 45340 | Crypt:3  | Identified the ring "Coaromm" {rC++ rN+ Will+}
 45478 | Crypt:3  | Found a basalt altar of Yredelemnul.
 45502 | Crypt:3  | Identified the ring of Relativism {rN+ Int+3 SInv}
 45502 | Crypt:3  | Identified the ring of Umiret {Fly rN+}
 45973 | Depths:1 | Entered Level 1 of the Depths
 46435 | Depths:1 | Found a shadowy altar of Dithmenos.
 46538 | Depths:1 | Found a portal to a secret trove of treasure.
 46542 | Depths:1 | You paid a toll of 12 potions of heal wounds to enter a
                  | treasure trove
 46543 | Trove    | Entered a treasure trove
 46548 | Trove    | Identified the +0 cloak "Faeput" {rF+}
 46549 | Trove    | Identified the +1 cloak "Joskioq" {*Slow rCorr Str+5}
 46564 | Trove    | Identified the +1 buckler of the Journeyman {Slay+3}
 46567 | Trove    | Identified the +1 pair of gloves "Kioch" {-Tele rElec rPois
                  | Int+3}
 46568 | Trove    | Identified the +1 pair of gloves of the Wary Allies {-Tele
                  | Dex+4}
 46570 | Trove    | Identified the +1 pair of gloves "Geydod" {Contam rC+ SInv}
 46571 | Trove    | Identified the +2 pair of gloves "Okoghoemer" {Contam +Inv
                  | rElec rPois rN+++}
 46573 | Trove    | Identified the +2 hat "Keff" {rCorr}
 46580 | Trove    | Identified the +4 pair of gloves of Muttered Phrases
                  | {+Blink rElec Will-}
 46581 | Trove    | Identified the +2 cloak of Orruush {Str+3}
 46721 | Depths:1 | Found Jifun's Jewellery Shoppe.
 46721 | Depths:1 | Found Ceocra's Book Shop.
 46723 | Depths:1 | Found Ebluz's Book Shop.
 46880 | Depths:1 | Found a one-way gate leading to the halls of Pandemonium.
 46909 | Depths:1 | Found a one-way gateway to a ziggurat.
 47265 | Depths:1 | Found a gateway to Hell.
 47344 | Depths:2 | Found a one-way gate to the infinite horrors of the Abyss.
 47576 | Depths:2 | Found Uteuzol's Jewellery Shoppe.
 48065 | Depths:2 | Noticed a juggernaut
 48075 | Depths:2 | Killed a juggernaut
 48082 | Depths:2 | Paralysed by a floating eye for 4 turns
 48086 | Depths:2 | HP: 5/224 [tengu reaver/+3 vorpal great sword (26)]
 48086 | Depths:2 | Slain by a tengu reaver

Illustrated notes

Levels and vault maps discovered:
D:1:      arrival_aquarium_b, layout_basic, minmay_pentomino_q4
D:2:      layout_basic, kennysheep_potato
D:3:      layout_basic, mainiacjoe_overflow_alcove_4,
          ebering_ecumenical_altar_petrified
D:4:      kennysheep_six_static_rooms, layout_cave_pods,
          mainiacjoe_overflow_alcove_2, uniq_sigmund, uniq_menkaure
D:5:      layout_gridville, cheibrodos_ashenzari_chains, uniq_pikel
D:6:      layout_basic, general_overflow_altar, minivault_25
D:7:      layout_basic, temple_pool_b
D:8:      layout_gridville, grunt_temple_overflow_cloverleaf, serial_glass,
          glass_columns_a, glass_columns_c
D:9:      layout_basic, uniq_prince_ribbit1
D:10:     layout_basic, erik_lair_orcish_takeover, ebering_ghost_rock_garden
D:11:     layout_rooms, hiddenorc1_lemuel, nicolae_specific_store, uniq_grum
D:12:     layout_irregular_city, gauntlet_entry_generic
D:13:     minmay_the_grid_square_5x5_3x3
          [minmay_the_grid_square_5x5_pentomino_r,
          minmay_the_grid_square_5x5_meh, minmay_the_grid_square_5x5_bite,
          minmay_the_grid_square_5x5_bracketed,
          minmay_the_grid_square_5x5_megaprize_crossed,
          minmay_the_grid_square_5x5_minivault,
          minmay_the_grid_square_5x5_slash, minmay_the_grid_square_5x5_plus,
          minmay_the_grid_square_5x5_hourglass], layout_gridville,
          dk_noncrumbling_4
D:14:     layout_rooms, david_vaults_4, grunt_decor_arrowhead
D:15:     gammafunk_enter_depths_forms, layout_loops_cross, minmay_misc_feat_x,
          grunt_gozag_statues
Lair:1:   layout_hall_layers, lemuel_fruit_tree, infiniplex_staircase_pool_2,
          uniq_erica, uniq_amaemon
Lair:2:   layout_misc_corridors, minmay_snake_entry_guardpost_large,
          gammafunk_ghost_cemetery
Lair:3:   layout_chaotic_city, skrybe_swamp_entry_bodies, roderic_carrion_pond
Lair:4:   layout_regular_city
Lair:5:   gammafunk_lair_ancient_temple, layout_big_grid,
          minmay_slime_entry_eyes, serial_forest, infiniplex_forest_clump_C,
          infiniplex_forest_lined_2, infiniplex_forest_pool,
          infiniplex_forest_straight_5, infiniplex_forest_end_1,
          infiniplex_forest_corner_1, infiniplex_forest_lined_room_2,
          infiniplex_forest_clump_medium
Swamp:1:  layout_basic_swamp, evilmike_swamp_ruin_rubble_2, swamp_pool4,
          uniq_roxanne, uniq_aizul, uniq_nikola
Swamp:2:  layout_basic_swamp, nicolae_swamp_ascending_descending, swamp_pool4,
          uniq_jorgrun
Swamp:3:  layout_falls_marsh, ebering_ghost_rock_garden,
          nicolae_swamp_feature_on_the_river_bank, uniq_bai_suzhen
Swamp:4:  swamp, layout_basic_swamp
Snake:1:  layout_rooms, nrook_guardian_serpent_ordinary, uniq_donald,
          uniq_mlioglotl
Snake:2:  nicolae_snake_attic_fulla_snakes, layout_layer_cave, st_stairs_1,
          grunt_megastairs_2
Snake:3:  gammafunk_sealed_library, layout_cave_pods, uniq_saint_roka
Snake:4:  snake_pit_salamanders_mu, layout_cave_town
Orc:1:    layout_caves
Orc:2:    st_orc_congregation, layout_diamond_mine, serial_shops, shop_coins,
          nicolae_shop_waterfront, uniq_maurice
Elf:1:    eino_elf_arrival_sip, layout_loops_cross, orc_legates, uniq_kirke,
          uniq_zenata
Elf:2:    nicolae_elf_blades_splatter_lattice [nicolae_blade_little_rooms],
          layout_geoelf_diagonals, serial_shops, shop,
          hangedman_research_toxicology
Elf:3:    nooodl_elf_gasket, layout_geoelf_grid, minmay_strange_pillars,
          nicolae_elf_big_sculpture_3, corexii_checkpoint_a
Vaults:1: nicolae_vaults_shelves_hall, st_smaller_cells, nicolae_vaults_big_ls,
          nicolae_vaults_arrows, v_alt_pattern_2, v_alt_pattern_2,
          ontoclasm_vaults_shuriken, v_misc_25, ontoclasm_vaults_spin,
          grunt_vaults_diagonal, vaults_room_corners, vaults_dpeg_ring,
          nicolae_vaults_theta, layout_vaults_omnibox
Vaults:2: ontoclasm_vaults_tryst, hangedman_vaults_slither,
          nicolae_vaults_angled_halls, nicolae_vaults_little_squares_6,
          v_misc_26, hangedman_vaults_river_flow, ontoclasm_vaults_ligature,
          nicolae_vaults_little_squares_3,
          nicolae_vaults_windows_and_doors_thing, nicolae_vaults_ninety_degrees,
          vaults_mumra_hex, vaults_room_glass_cross, layout_vaults_omnigrid
Vaults:3: dpeg_vaults_monster_row, nicolae_vaults_statue_guard,
          hangedman_vaults_nails, nicolae_vaults_alarming,
          nicolae_vaults_mini_display_case, serial_ice_b,
          nicolae_vaults_angled_halls, ontoclasm_vaults_claustrophobia,
          nicolae_vaults_little_squares_4, minmay_crypt_entry_skeletal_spiral,
          vaults_room_pool, vaults_room_corners, layout_vaults_ring
Vaults:4: v_misc_26, vaults_room_pool, ontoclasm_vaults_misaligned,
          hangedman_vaults_pinch, hangedman_vaults_stretched_pinwheel,
          hangedman_vaults_capsules, nicolae_vaults_border_crossing,
          hangedman_vaults_stagger, vaults_dpeg_hooks, hangedman_vaults_slice,
          nicolae_vaults_fighting_squares, layout_vaults_omnicross,
          serial_shops, shop_coins, uniq_mennas
Crypt:1:  layout_regular_city, columned_hall_lemuel, lemuel_upstairs_altar,
          grunt_crypt_arrival_split, uniq_margery, uniq_frederick, uniq_khufu
Crypt:2:  cheibrodos_crypt_eye_of_stone, layout_misc_corridors, uniq_xtahua
Crypt:3:  lightli_unholy_cathedral, layout_chaotic_city,
          nicolae_tomb_entry_grand_gallery, mu_enter_wizlab_2
Depths:1: layout_basic, enter_ziggurat_c, chequers_serial_rivers_small_b,
          enter_trove_3, rand_demon_pan_entry_1, grunt_hell_entry_dis_old,
          nrook_campfire, hangedman_decor_peaks_small, grunt_ministairs_1,
          nicolae_dithmenos_shadow_blocks, minmay_shop_grove
Depths:2: little_maze_vault, layout_gridlike, kennysheep_donut, hell_entry,
          abyss_entry, pan_entry, serial_shops, shop,
          infiniplex_staircase_split_hallway

Skill      XL: |  1  2  3  4  5  6  7  8  9 10 11 12 13 14 15 16 17 18 19 20 21 22 23 24 |
---------------+-------------------------------------------------------------------------+-----
Dodging        | 2 3 4 5 6 7 9 10 12 13 16 18 19 20 23 26 | 26.0
Ranged Weapons | 4 5 6 7 8 9 11 12 13 15 17 18 21 22 24 26 | 26.2
Fighting       | 3 4 5 6 7 9 10 12 14 15 17 19 20 | 20.0
Invocations    | 5 10 11 | 11.2
Evocations     | 8 10 | 10.0
Stealth        | |  0.8

Action                   |  1- 3 |  4- 6 |  7- 9 | 10-12 | 13-15 | 16-18 | 19-21 | 22-24 || total
-------------------------+-------+-------+-------+-------+-------+-------+-------+-------++-------
Melee: Shortbow          |       |       |     1 |       |       |       |       |       ||     1
       Longbow           |       |       |       |       |     2 |       |       |       ||     2
 Fire: Shortbow          |   130 |    71 |   448 |   692 |   746 |       |       |       ||  2087
       Arbalest          |       |       |       |       |   202 |       |       |       ||   202
       Longbow           |       |       |       |       |   360 |   823 |  1337 |  1535 ||  4055
       Sling             |       |       |       |       |       |    28 |       |       ||    28
Invok: Step From Time    |       |       |       |       |       |     1 |       |       ||     1
       Bend Time         |       |       |       |       |       |       |     1 |       ||     1
 Abil: Breathe Acid      |       |       |     9 |    31 |    42 |    10 |     9 |     8 ||   109
Evoke: Wand              |       |       |     2 |       |     4 |     6 |       |     2 ||    14
       Condenser vane    |       |       |       |       |       |     1 |       |       ||     1
  Use: Scroll            |       |     6 |     9 |    16 |    16 |     6 |     8 |     3 ||    64
       Potion            |       |       |     1 |     1 |       |     9 |       |     2 ||    13
Armor: Skin              |    18 |    10 |   130 |   108 |   105 |    37 |    27 |    25 ||   460
Dodge: Dodged            |    29 |    23 |   301 |   601 |   888 |   540 |   445 |   439 ||  3266

Table legend: (Time is in decaauts)
 A = Elapsed time spent in this place.
 B = Non-inter-level travel time spent in this place.
 C = Inter-level travel time spent in this place.
 D = Time resting spent in this place.
 E = Time spent auto-exploring this place.
 F = Levels seen in this place.
 G = Mean time per level.
                   A        B        C        D        E       F      G
               +--------+--------+--------+--------+--------+-----+--------+
         Total |  74838 |  67715 |   7123 |   7650 |  43016 |  46 | 1626.9 |
       Dungeon |  20886 |  18719 |   2167 |   1814 |  13888 |  15 | 1392.4 |
          Lair |  10044 |   8741 |   1303 |   1515 |   5055 |   5 | 2008.8 |
         Swamp |   4956 |   4573 |    383 |    669 |   2666 |   4 | 1239.0 |
     Snake Pit |   7556 |   6959 |    597 |    890 |   4643 |   4 | 1889.0 |
  Orcish Mines |   3916 |   3486 |    430 |    394 |   1293 |   2 | 1958.0 |
   Elven Halls |   6542 |   5659 |    883 |    798 |   2753 |   3 | 2180.7 |
        Vaults |   9641 |   8669 |    972 |    324 |   7339 |   4 | 2410.2 |
         Crypt |   5315 |   5045 |    270 |    796 |   2369 |   3 | 1771.7 |
        Depths |   3287 |   3173 |    114 |    124 |   2746 |   2 | 1643.5 |
         Abyss |    401 |    401 |      0 |      0 |      0 |   1 |  401.0 |
         Trove |     68 |     68 |      0 |      0 |      0 |   1 |   68.0 |
        Wizlab |    798 |    798 |      0 |    183 |      0 |   1 |  798.0 |
      Gauntlet |   1423 |   1423 |      0 |    141 |    262 |   1 | 1423.0 |
               +--------+--------+--------+--------+--------+-----+--------+

Top non-repeatable levels by time:
   Orc:2: 3098 daAuts
Vaults:2: 2627 daAuts
 Snake:2: 2578 daAuts
Vaults:1: 2574 daAuts
   Elf:3: 2553 daAuts
   Elf:2: 2427 daAuts
    D:13: 2359 daAuts
 Crypt:3: 2298 daAuts
  Lair:2: 2277 daAuts
Vaults:4: 2241 daAuts
  Lair:5: 2233 daAuts
Vaults:3: 2197 daAuts
 Snake:4: 2147 daAuts
 Snake:3: 2081 daAuts
     D:7: 2071 daAuts
